 Dungeon Crawl Stone Soup version 0.30.0-5-g1a98f26d00 (webtiles) character file.

Game seed: 9013222069452870126

30 hawla the Firebug (level 3, -1/26 HPs)
             Began as a Meteoran Fire Elementalist on May 11, 2023.
             Killed by divine providence
             ... invoked by an orc priest
              (14 damage)
             ... on level 3 of the Dungeon.
             The game lasted 00:02:35 (300 turns).

hawla the Firebug (Meteoran Fire Elementalist)       Turns: 300, Time: 00:02:36

Health: -1/26      AC:  2    Str: 16    XL:     3   Next: 55%
Magic:  1/8        EV: 12    Int: 18    God:
Gold:   0          SH:  0    Dex: 14    Spells: 4/7 levels left

rFire   + . .        h - staff of fire
rCold   . . .        (no shield)
rNeg    . . .        a - +0 robe
rPois   .            (no helmet)
rElec   .            (no cloak)
rCorr   .            (no gloves)
SInv    .            (no boots)
Will    .....        (no amulet)
Stlth   +            k - +6 ring of strength
HPRegen 0.24/turn    (no ring)
MPRegen 0.11/turn

%: no passive effects
@: very slightly contaminated, glowing
A: sense surroundings 1, otherworldly, glowing, explore regen
a: no special abilities


You were on level 3 of the Dungeon.
You visited 1 branch of the dungeon, and saw 3 of its levels.

Inventory:

Hand Weapons
 j - a +0 great mace
Armour
 a - a +0 robe (worn)
Magical Staves
 h - a staff of fire (weapon)
Jewellery
 k - a +6 ring of strength (left hand)
Scrolls
 d - a scroll of identify {unknown}
 g - 2 scrolls of teleportation {unknown}
 i - a scroll of torment {unknown}
Potions
 b - a potion of magic
 c - a potion of resistance {unknown}
 e - a potion of degeneration {unknown}
 f - 3 potions of mutation {unknown}


   Skills:
 + Level 1.2(1.4) Maces & Flails
 + Level 1.0(1.2) Staves
 - Level 2.6 Dodging
 - Level 1.4 Stealth
 - Level 2.9 Spellcasting
 - Level 1.2 Conjurations
 - Level 4.0 Fire Magic
 + Level 1.4 Evocations


You had 4 spell levels left.
You knew the following spells:

 Your Spells              Type           Power      Damage    Failure   Level
a - Foxfire               Conj/Fire      72%        2x1d7     5%          1
b - Scorch                Fire           50%        2d7       4%          2

Your spell library contained the following spells:

 Spells                   Type           Power      Damage    Failure   Level
 Momentum Strike          Conj/Tloc      8%         3d8       19%         2
 Inner Flame              Hex/Fire       14%        N/A       22%         3
 Volatile Blastmotes      Fire/Tloc      28%        2d12      22%         3
 Blink                    Tloc           4%         N/A       26%         2
 Lesser Beckoning         Tloc           4%         N/A       26%         2
 Sublimation of Blood     Necr           2%         N/A       26%         2
 Wereblood                Tmut           2%         N/A       26%         2
 Flame Wave               Conj/Fire      18%        2d7       50%         4
 Summon Hydra             Summ           1%         N/A       100%        7


Dungeon Overview and Level Annotations

Branches:
Dungeon (3/15) Zot: 1500

Altars:
Nemelex Xobeh


Innate Abilities, Weirdness & Mutations

You passively map a small area around you.
You are easily found by Zot.
You glow in the dark.
You regain HP and MP as you explore.


Message History

Confirm with . or Enter, or press ? or * to list all spells.
You feel a surge of power!
You conjure some foxfire!
Casting: Foxfire (safe; 5% risk of failure)
Confirm with . or Enter, or press ? or * to list all spells.
You feel a surge of power!
You conjure some foxfire!
The foxfire hits the orc.
The orc is severely wounded.
The foxfire hits the orc but does no damage.
The orc is severely wounded.
The foxfire hits the orc.
You kill the orc!
An orc wizard comes into view. It is wielding a +0 dagger.
Your Staves skill increases to level 1!
An orc wizard is nearby!
Found 7 gold pieces.
The foxfire hits the orc wizard.
The orc wizard is heavily wounded.
The orc wizard points at you and mumbles some strange words.
You resist with some effort.
Found a black potion.
An orc priest comes into view. It is wielding a +0 dagger.
The orc priest shouts!
The orc priest invokes the aid of Beogh against you.
Beogh smites you!
Ouch! That really hurt!
You are too injured to fight recklessly!
Unknown command.
Casting: Foxfire (safe; 5% risk of failure)
Confirm with . or Enter, or press ? or * to list all spells.
You feel a surge of power!
You miscast Foxfire.
You are very lightly contaminated with residual magic.
Nothing appears to happen.
An orc comes into view. It is wielding a +0 war axe.
Casting: Foxfire (safe; 5% risk of failure)
Confirm with . or Enter, or press ? or * to list all spells.
You feel a surge of power!
Flames lash the orc.
You kill the orc!
The orc wizard barely misses you.
The orc priest calls down the wrath of Beogh upon you.
Beogh smites you!
Ouch! That really hurt!
You die...

** ,#..**
* o#.. *,
*.#.., !
##ยง#.###$
,*
#).).... *
#.##$o#
##.#.o.#
**
#....@.# *
#......# ,
#.##.#.# ,
, *
#<##.#.# *
#.##.#.# ,
#......#
####.###
*, ... , ,
* #.# ,


You could see an orc priest and an orc wizard.

Vanquished Creatures
  An adder (D:2)
  A dart slug (D:1)
  2 orcs (D:3)
  An endoplasm (D:2)
  A goblin (D:1)
  3 hobgoblins
  2 quokkas (D:2)
  3 ball pythons
  A frilled lizard (D:2)
  2 kobolds (D:1)
  A rat (D:1)
18 creatures vanquished.

Vanquished Creatures (others)
  37 foxfires
37 creatures vanquished.

Grand Total: 55 creatures vanquished

Notes
Turn   | Place    | Note
-------+----------+-------------------------------------------
     0 | D:1      | hawla the Meteoran Fire Elementalist began the quest for
                  | the Orb.
     0 | D:1      | Reached XP level 1. HP: 14/14 MP: 5/5
    14 | D:1      | Reached XP level 2. HP: 20/20 MP: 1/6
    41 | D:1      | Learned a level 2 spell: Scorch
    52 | D:1      | Reached skill level 4 in Fire Magic
   198 | D:2      | Found a sparkling altar of Nemelex Xobeh.
   203 | D:2      | Reached skill level 1 in Evocations
   203 | D:2      | Reached XP level 3. HP: 21/26 MP: 5/8
   269 | D:2      | Reached skill level 1 in Maces & Flails
   294 | D:3      | Reached skill level 1 in Staves
   300 | D:3      | Killed from afar by an orc priest

Illustrated notes

Levels and vault maps discovered:
D:1:      onia_arrival_pentagram, layout_basic
D:2:      layout_loops_ring, basic_altar, uniq_natasha
D:3:      layout_loops_cross, minmay_between

Skill      XL: |  1  2  3 |
---------------+----------+-----
Fire Magic     | 4 |  4.0
Evocations     | 1 |  1.4
Maces & Flails | 1 |  1.2
Staves         | 1 |  1.0
Dodging        | |  2.6
Stealth        | |  1.4
Spellcasting   | |  2.9
Conjurations   | |  1.2

Action                     || total
---------------------------++-------
  Melee: Unarmed           ||     1
   Cast: Foxfire           ||    22
         Scorch            ||     6
 Armour: Robe              ||     1
  Dodge: Dodged            ||     3
